 Dungeon Crawl Stone Soup version 0.30-a0-760-g5a9884bb7c (webtiles) character file.

Game seed: 7347440201832104733

2314 browni3141 the Digger (level 9, 0/63 HPs)
             Began as a Mummy Cinder Acolyte on Feb 11, 2023.
             Was a High Priest of Ignis.
             Slain by a spriggan
             ... wielding a +0 trident
              (7 damage)
             ... in a bailey.
             The game lasted 00:26:26 (9128 turns).

browni3141 the Digger (Mummy Cinder Acolyte)        Turns: 9128, Time: 00:26:27

Health: 0/63       AC: 12    Str: 17    XL:     9   Next: 18%
Magic:  10/13      EV: 11    Int: 24    God:    Ignis [*****.]
Gold:   336        SH:  0    Dex:  7    Spells: 2/14 levels left

rFire   . . .      SeeInvis .    a - -1 short sword (flame)
rCold   + . .      Faith    +    (no shield)
rNeg    + + +      Spirit   .    e - +0 steam dragon scales
rPois   ∞          Reflect  .    (no helmet)
rElec   .          Harm     .    p - scarf {repulsion}
rCorr   .          Rampage  .    (no gloves)
Will    +....                    (no boots)
Stlth   +                        (no amulet)
HPRegen 0.30/turn                o - +6 ring of intelligence
MPRegen 0.13/turn                (no ring)

@: fiery-armoured, repel missiles
A: cold resistance 1, negative energy resistance 3, torment resistance 2, heat
vulnerability 1, in touch with death 1, no potions, faith
a: Renounce Religion, Fiery Armour, Foxfire Swarm, Rising Flame


You were in a bailey.
You worshipped Ignis.
Ignis was extremely pleased with you.
You visited 1 branch of the dungeon, and saw 8 of its levels.
You also visited: Bailey.

You collected 336 gold pieces.

Inventory:

Hand Weapons
 a - a -1 short sword of flaming (weapon)
Missiles
 k - 7 poisoned darts
Armour
 b - a +0 robe
 d - a +0 kite shield
 e - +0 steam dragon scales (worn)
 i - a +0 leather armour
 p - a scarf of repulsion (worn)
Jewellery
 o - a +6 ring of intelligence (left hand)
 r - an amulet of guardian spirit
Wands
 s - a wand of charming (2)
Scrolls
 c - a scroll of fear {unknown}
 f - 2 scrolls of fog {unknown}
 g - 2 scrolls of amnesia {unknown}
 h - 4 scrolls of teleportation
 j - 2 scrolls of enchant armour {unknown}
 l - a scroll of poison {unknown}
 m - 2 scrolls of noise {unknown}
 n - 4 scrolls of identify {unknown}
 q - 2 scrolls of blinking {unknown}


   Skills:
 - Level 3.0 Fighting
 - Level 4.0 Short Blades
 - Level 2.0 Throwing
 - Level 1.0 Stealth
 - Level 3.0 Spellcasting
 - Level 3.0 Conjurations
 - Level 4.0 Transmutations
 - Level 3.0 Fire Magic
 * Level 7.2 Earth Magic


You had 2 spell levels left.
You knew the following spells:

 Your Spells              Type           Power      Damage    Failure   Level
a - Scorch                Fire           36%        2d6       4%          2
b - Sandblast             Erth           76%        2d16      1%          1
c - Passwall              Tmut/Erth      25%        N/A       1%          2
d - Stone Arrow           Conj/Erth      56%        3d10      4%          3
e - Petrify               Tmut/Erth      30%        N/A       11%         4

Your spell library contained the following spells:

 Spells                   Type           Power      Damage    Failure   Level
 Ensorcelled Hibernation  Hex/Ice        6%         N/A       16%         2
 Portal Projectile        Hex/Tloc       6%         N/A       32%         3
 Swiftness                Air            3%         N/A       32%         3
 Tukima's Dance           Hex            3%         N/A       32%         3
 Metabolic Englaciation   Hex/Ice        1%         N/A       96%         5
 Blade Hands              Tmut           Unusable   N/A       N/A         5
 Statue Form              Tmut/Erth      Unusable   N/A       N/A         6

Dungeon Overview and Level Annotations

Branches:
Dungeon (8/15)             Temple (0/1) D:5            Lair (0/5) D:8
 Bailey (1/1)

Altars:
Kikubaaqudgha

Annotations:
D:2 exclusion: downstairs
D:8 Joseph


Innate Abilities, Weirdness & Mutations

You are immune to poison.
Your flesh is cold resistant. (rC+)
You are immune to negative energy. (rN+++)
You are immune to unholy pain and torment.
You are vulnerable to heat. (rF-)
You are in touch with the powers of death.
You do not drink.
You have a special connection with the divine. (Faith)


Message History

Aim: a spriggan, wielding a +3 spear of flaming (chance to affect: 17%)
Okay, then.
Unknown command.
A protective cloak of flame settles atop you.
The spriggan misses you. The spriggan barely misses you.
Aiming: Sandblast (safe; 1% risk of failure)
Press: ? - help, Q - select action, (/) - cycle Shift-Dir - straight line, f - spriggan
Aim: a spriggan, wielding a +3 spear of flaming (67% to hit)
The blast of sand hits the spriggan.
The spriggan is lightly wounded.
The spriggan hits you from afar with a +0 trident!
The spriggan hits you with a +3 spear of flaming!
The spriggan burns you.
* * * LOW HITPOINT WARNING * * *
The spriggan is burned by your cloak of flames.
The spriggan is moderately wounded.
The spriggan hits you from afar with a +0 trident.
* * * LOW HITPOINT WARNING * * *
Okay, then.
You can't drink.
Unknown command.
Unknown command.
Aiming: Sandblast (safe; 1% risk of failure)
Press: ? - help, Q - select action, (/) - cycle Shift-Dir - straight line, f/p - spriggan
Aim: a spriggan, wielding a +3 spear of flaming (moderately wounded, 67% to hit)
The blast of sand misses the spriggan.
The spriggan closely misses you.
The spriggan hits you from afar with a +0 trident!
* * * LOW HITPOINT WARNING * * *
The spriggan drinks a potion.
The spriggan seems to grow stronger.
Unknown command.
Aiming: Sandblast (safe; 1% risk of failure)
Press: ? - help, Q - select action, (/) - cycle Shift-Dir - straight line, f/p - spriggan
Aim: a spriggan, wielding a +3 spear of flaming (moderately wounded, strong, 67% to hit)
The blast of sand misses the spriggan.
The spriggan hits you from afar with a +0 trident.
* * * LOW HITPOINT WARNING * * *
The spriggan barely misses you.
The spriggan hits you from afar with a +0 trident!
You die...

##.........##
###~~~~~###
#~)~)~#
##)~~~~##
##.†.....##
##.........#
##..#####♣#..#
##.i## ##..#
##.@♣♣ #..#
#..♣# ♣..#
#.i# ..# #..#
.# #..# .#
#..# #..♣
#..## ##..♣#


You could see 2 spriggans.

Vanquished Creatures
  2 spriggans (Bailey)
  A steam dragon (Bailey)
  A wraith (D:6)
  2 water moccasins
  A sky beast (D:8)
  3 ogres
  A centaur (D:7)
  The ghost of drewk1942 the Magician, an amateur DjCj (D:3)
  2 phantoms
  2 necrophages
  A bullfrog (D:8)
  4 killer bees (D:8)
  3 hounds
  2 orc priests (D:3)
  Jessica (D:2)
  3 iguanas
  3 orc wizards
  11 adders
  2 shadow imps
  3 dart slugs
  21 orcs
  4 ball pythons
  7 bats
  3 endoplasms
  3 giant cockroaches
  11 goblins
  9 hobgoblins
  5 jackals
  A quokka (D:1)
  6 frilled lizards
  2 kobolds (D:4)
  3 rats
124 creatures vanquished.

Vanquished Creatures (others)
  4 plants (D:1)
4 creatures vanquished.

Grand Total: 128 creatures vanquished

Notes
Turn   | Place    | Note
-------+----------+-------------------------------------------
     0 | D:1      | browni3141 the Mummy Cinder Acolyte began the quest for the
                  | Orb.
     0 | D:1      | Reached XP level 1. HP: 18/18 MP: 2/2
   175 | D:1      | Reached skill level 1 in Stealth
   268 | D:1      | Reached XP level 2. HP: 23/24 MP: 5/5
   413 | D:1      | Learned a level 2 spell: Scorch
   613 | D:1      | Found a faded altar of an unknown god.
   809 | D:2      | Gained mutation: You are in touch with the powers of death.
                  | [Mummy growth]
   809 | D:2      | Reached XP level 3. HP: 29/29 MP: 2/6
  1103 | D:2      | Noticed Jessica
  1108 | D:2      | Killed Jessica
  1109 | D:2      | Reached skill level 1 in Throwing
  1109 | D:2      | Reached XP level 4. HP: 35/35 MP: 3/8
  1879 | D:2      | Learned a level 1 spell: Sandblast
  1882 | D:2      | Learned a level 2 spell: Passwall
  1886 | D:2      | Learned a level 3 spell: Stone Arrow
  2108 | D:3      | Found a transporter.
  2108 | D:3      | Noticed drewk1942's ghost (amateur DjCj)
  2112 | D:3      | Found a transporter.
  2724 | D:3      | Reached XP level 5. HP: 25/41 MP: 0/9
  2828 | D:2      | Reached skill level 1 in Conjurations
  2828 | D:2      | Reached skill level 1 in Earth Magic
  3270 | D:3      | Found an ancient bone altar of Kikubaaqudgha.
  3879 | D:3      | Found a transporter.
  4316 | D:3      | Found a transporter.
  4444 | D:3      | Found an ancient bone altar of Kikubaaqudgha.
  4651 | D:3      | Reached XP level 6. HP: 43/47 MP: 7/10
  4698 | D:3      | Killed drewk1942's ghost
  4901 | D:4      | Reached skill level 2 in Earth Magic
  5013 | D:4      | Noticed an ice beast
  5489 | D:4      | Reached XP level 7. HP: 52/52 MP: 4/11
  5813 | D:4      | Reached skill level 3 in Earth Magic
  6076 | D:5      | Entered Level 5 of the Dungeon
  6668 | D:5      | Reached skill level 4 in Earth Magic
  6668 | D:5      | Reached skill level 1 in Transmutations
  7029 | D:5      | Found a staircase to the Ecumenical Temple.
  7634 | D:6      | Reached XP level 8. HP: 22/58 MP: 7/12
  8256 | D:6      | You fall into a shaft and drop 2 floors!
  8274 | D:8      | Reached skill level 5 in Earth Magic
  8384 | D:8      | Noticed Joseph
  8636 | D:7      | Reached skill level 6 in Earth Magic
  8641 | D:7      | Learned a level 4 spell: Petrify
  8703 | D:7      | Found a flagged portal.
  8712 | Bailey   | Entered a bailey
  8919 | Bailey   | Reached XP level 9. HP: 63/63 MP: 10/13
  8948 | Bailey   | Reached skill level 7 in Earth Magic
  9128 | Bailey   | Slain by a spriggan

Illustrated notes

Levels and vault maps discovered:
D:1:      minmay_arrival_three_doors, layout_basic,
          shapermc_ecumenical_altar_hornbeckon
D:2:      minmay_alternating_diamond, layout_basic, minmay_tromino_mix6,
          uniq_jessica
D:3:      layout_loops_corners, mainiacjoe_overflow_catwalk,
          lemuel_coloured_pillars_altar, serial_glass, glass_columns_c,
          glass_columns_a, gammafunk_ghost_arena
D:4:      layout_cave_pools, minmay_circle_x
D:5:      layout_layer_cave, minmay_temple_entry_grid
D:6:      layout_layer_cave
D:7:      layout_cave_pools, enter_bailey_8, st_stairs_9, dk_vineyard_1,
          uniq_prince_ribbit1
D:8:      layout_loops_ring, zin_academy, erik_lair_dragon, uniq_joseph
Bailey:   bailey_polearm_enchanted_keep_hellmonk, bailey

Skill      XL: |  1  2  3  4  5  6  7  8  9 |
---------------+----------------------------+-----
Stealth        | 1 |  1.0
Spellcasting   | 2 3 |  3.0
Fire Magic     | 3 |  3.0
Throwing       | 1 2 |  2.0
Conjurations   | 1 2 3 |  3.0
Earth Magic    | 1 2 4 6 7 |  7.2
Short Blades   | 3 4 |  4.0
Transmutations | 1 4 |  4.0
Fighting       | |  3.0

Action                     |  1- 3 |  4- 6 |  7- 9 || total
---------------------------+-------+-------+-------++-------
  Melee: Short sword       |    89 |    46 |    37 ||   172
         Punch             |     1 |       |       ||     1
   Cast: Scorch            |    14 |    97 |    10 ||   121
         Sandblast         |       |     5 |    87 ||    92
         Stone Arrow       |       |       |     5 ||     5
 Invoke: Fiery Armour      |       |       |     3 ||     3
  Evoke: Wand              |       |     6 |     2 ||     8
    Use: Scroll            |       |     2 |     2 ||     4
   Stab: Sleeping          |     2 |       |       ||     2
 Armour: Robe              |    23 |       |       ||    23
         Leather armour    |     2 |    26 |    18 ||    46
  Dodge: Dodged            |    47 |    60 |    79 ||   186

Table legend: (Time is in decaauts)
 A = Elapsed time spent in this place.
 B = Non-inter-level travel time spent in this place.
 C = Inter-level travel time spent in this place.
 D = Time resting spent in this place.
 E = Time spent auto-exploring this place.
 F = Levels seen in this place.
 G = Mean time per level.
                   A        B        C        D        E       F      G
               +--------+--------+--------+--------+--------+-----+--------+
         Total |   9199 |   8855 |    344 |   1253 |   6249 |   9 | 1022.1 |
       Dungeon |   8765 |   8421 |    344 |    977 |   6249 |   8 | 1095.6 |
        Bailey |    434 |    434 |      0 |    275 |      0 |   1 |  434.0 |
               +--------+--------+--------+--------+--------+-----+--------+

Top non-repeatable levels by time:
     D:3: 2940 daAuts
     D:2: 1614 daAuts
     D:5: 1549 daAuts
     D:1: 788 daAuts
     D:4: 732 daAuts
     D:6: 720 daAuts
  Bailey: 434 daAuts
     D:8: 368 daAuts
     D:7: 51 daAuts
